 Dungeon Crawl Stone Soup version 0.29.1-13-g9f3cf754e1 (webtiles) character file.

Game seed: 13555535103700958098

55 LSt the Chiller (level 3, -6/26 HPs)
             Began as a Ghoul Ice Elementalist on Feb 8, 2023.
             Mangled by a gnoll
             ... wielding a +0 flail
              (8 damage)
             ... on level 1 of the Dungeon.
             The game lasted 00:11:23 (1875 turns).

LSt the Chiller (Ghoul Ice Elementalist)            Turns: 1875, Time: 00:11:23

Health: -6/26      AC:  3    Str: 11    XL:     3   Next: 93%
Magic:  0/4        EV: 12    Int: 12    God:
Gold:   51         SH:  0    Dex:  9    Spells: 1/5 levels left

rFire   . . .      SeeInvis .   n - +0 hand axe
rCold   + . .      Faith    .   (no shield)
rNeg    + + +      Spirit   .   a - +0 robe
rPois   ∞          Reflect  .   (no helmet)
rElec   .          Harm     .   k - +0 cloak
rCorr   .          Rampage  .   (no gloves)
Will    .....                   (no boots)
Stlth   ++........              (no amulet)
HPRegen 0.00/turn               (no ring)
MPRegen 0.09/turn               (no ring)

@: inhibited regen
A: claws 1, cold resistance 1, negative energy resistance 3, inhibited
regeneration, torment resistance 2, devour on kill
a: no special abilities


You were on level 1 of the Dungeon.
You visited 1 branch of the dungeon, and saw 2 of its levels.

You collected 51 gold pieces.

Inventory:

Hand Weapons
 b - a +0 dagger
 g - a +0 short sword
 l - a +0 spear
 n - a +0 hand axe (weapon)
Missiles
 c - 9 stones
 e - 4 boomerangs (quivered)
Armour
 a - a +0 robe (worn)
 k - a +0 cloak (worn)
Scrolls
 h - a scroll of vulnerability {unknown}
 m - 2 scrolls of amnesia
Potions
 d - a potion of magic
 i - 3 potions of heal wounds
 j - a potion of ambrosia
 o - a potion of curing {unknown}


   Skills:
 - Level 1.7 Dodging
 - Level 2.1 Stealth
 + Level 1.7 Spellcasting
 + Level 6.0 Ice Magic


You had one spell level left.
You knew the following spells:

 Your Spells              Type           Power      Damage    Failure   Level
a - Freeze                Ice            60%        1d8       2%          1
b - Frozen Ramparts       Ice            30%        1d5       7%          3

Your spell library contained the following spells:

 Spells                   Type           Power      Damage    Failure   Level
 Ozocubu's Armour         Ice            15%        N/A       7%          3
 Dazzling Flash           Conj/Hex       2%         N/A       63%         3
 Hailstorm                Conj/Ice       8%         3d4       63%         4
 Anguish                  Hex/Necr       0%         N/A       95%         4
 Animate Armour           Summ/Erth      2%         N/A       95%         4
 Animate Dead             Necr           1%         N/A       95%         4
 Iskenderun's Mystic Bla  Conj/Tloc      1%         2d3       95%         4
 Starburst                Conj/Fire      0%         6d3       100%        6
 Infestation              Necr           0%         N/A       100%        8


Dungeon Overview and Level Annotations

Branches:
Dungeon (2/15)

Altars:
Ashenzari

Shops:
D:1 [

Annotations:
D:2 Sigmund


Innate Abilities, Weirdness & Mutations

You are immune to poison.
You have sharp fingernails.
Your flesh is cold resistant. (rC+)
You are immune to negative energy. (rN+++)
You do not regenerate when monsters are visible.
You are immune to unholy pain and torment.
You thrive by killing the living.


Message History

There are no items here.
Reach: l) +0 spear
Press: ? - help, Dir - move target, f - gnoll
Aim: a gnoll, wielding a +0 flail (about 40% to evade your +0 spear)
Okay, then.
n - a +0 hand axe (weapon)
Throw: 4 boomerangs
Press: ? - help, Q - select action, (/) - cycle Shift-Dir - straight line, f - gnoll
Aim: a gnoll, wielding a +0 flail (56% to hit)
You throw a boomerang. The boomerang closely misses the gnoll.
The frozen ramparts melt away.
There is a stone staircase leading up here.
The gnoll misses you.
You climb upwards.
There is a stone staircase leading down here.
Casting: Frozen Ramparts (quite dangerous; 7% risk of failure)
Confirm with . or Enter, or press ? or * to list all spells.
Aiming: Freeze (safe; 2% risk of failure)
Press: ? - help, Shift-Dir - straight line, f - gnoll
Aim: a gnoll, wielding a +0 flail You freeze the gnoll.
The gnoll is heavily wounded.
The gnoll hits you with a +0 flail.
Casting: Freeze (safe; 2% risk of failure)
Confirm with . or Enter, or press ? or * to list all spells.
Aiming: Freeze (safe; 2% risk of failure)
Press: ? - help, Shift-Dir - straight line, f/p - gnoll
Aim: a gnoll, wielding a +0 flail (moderately wounded)
You freeze the gnoll.
The gnoll is severely wounded.
The gnoll hits you with a +0 flail.
You closely miss the gnoll.
The gnoll is severely wounded.
The gnoll hits you with a +0 flail. The gnoll hits you with a +0 flail!
* * * LOW HITPOINT WARNING * * *
You are too injured to fight recklessly!
You hit the gnoll but do no damage.
The gnoll is severely wounded.
The gnoll hits you with a +0 flail!
You die...

...#.........#....##.#......#....
...#)........#...)##......#......
.......................##.#.#....
...#.#....##....###...........#..
...#.#..........+................
##........##....###..............
####+#.................###....#..
#................÷##.##.......#..
#...............@)............#..
#................g##.##..........
#....................#####..###..
###........#.....................
...........#.#############.......
...........#'### ##≈≈≈≈≈##'###...
.......#+#.....###........8###...
###......+.....##..<.........+...
.......###.....###........8###...


You could see a gnoll.

Vanquished Creatures
  A gnoll (D:2)
  An adder (D:1)
  2 dart slugs (D:1)
  2 bats (D:1)
  3 endoplasms (D:1)
  A giant cockroach (D:1)
  2 quokkas (D:1)
  5 ball pythons
  A frilled lizard (D:1)
  7 goblins (D:1)
  3 kobolds (D:1)
  4 rats (D:1)
32 creatures vanquished.

Notes
Turn   | Place    | Note
-------+----------+-------------------------------------------
     0 | D:1      | LSt the Ghoul Ice Elementalist began the quest for the Orb.
     0 | D:1      | Reached XP level 1. HP: 14/14 MP: 2/2
   369 | D:1      | Reached XP level 2. HP: 15/20 MP: 0/3
   519 | D:1      | Reached skill level 5 in Ice Magic
   599 | D:1      | Found a faded altar of an unknown god.
   855 | D:1      | Found Xiom's Antique Armour Emporium.
   951 | D:1      | Got Yreem's Catalogue of Unhallowed Magic and the Ground
  1061 | D:1      | Reached XP level 3. HP: 26/26 MP: 0/4
  1065 | D:1      | Learned a level 3 spell: Frozen Ramparts
  1569 | D:2      | Noticed Sigmund
  1740 | D:2      | Found a broken altar of Ashenzari.
  1865 | D:2      | Reached skill level 6 in Ice Magic
  1875 | D:1      | Mangled by a gnoll

Illustrated notes

Levels and vault maps discovered:
D:1:      wander_arrival_chamber, layout_basic, serial_shops,
          nicolae_shop_advertising_works [nicolae_subvault_shop_adworks],
          hellmonk_ecumenical_altar_slurped_away, minmay_quantized
D:2:      layout_basic, basic_altar, minmay_joined_circles, uniq_sigmund

Skill      XL: |  1  2  3 |
---------------+----------+-----
Ice Magic      | 5 6 |  6.0
Dodging        | |  1.7
Stealth        | |  2.1
Spellcasting   | |  1.7

Action                   || total
-------------------------++-------
Melee: Unarmed           ||    41
       Dagger            ||     1
       Hand axe          ||     5
       Spear             ||     4
Throw: Boomerang         ||     6
 Cast: Freeze            ||    36
       Frozen Ramparts   ||     1
  Use: Scroll            ||     3
 Stab: Sleeping          ||     1
Armor: Robe              ||    12
Dodge: Dodged            ||    43
